Map: Coda LE (Void)

Players

AgCl

  • Race: Protoss Protoss

yahaayi - Winner!

  • Race: Terran Terran

VOD

Have the link to the VOD?

Description

Time

  • Played on: May 1, 2015, 7:48 a.m.
  • Length: 9:49
Show
View Real Time Build Order
Export as new Build Order

AgCl Protoss 

Build Orders: 1 Gate Expand, Oracle Opening, Oracle Opening 

Get SALT Encoding   

  12  0:02  Probe  
  13  0:14  Probe  
  14  0:33  Pylon  
  14  0:52  Gateway  
  14  0:55  Probe  
  15  1:07  Probe  
  16  1:17  Assimilator  
  16  1:19  Probe  
  16  1:24  Pylon  
  17  1:33  Probe  
  17  1:36  Nexus  
  18  1:41  Zealot (Chrono Boost)  
  18  1:45  Probe  
  21  1:57  Probe  
  21  2:01  Cybernetics Core  
  22  2:05  Assimilator  
  22  2:09  Probe (Chrono Boost)  
  23  2:21  Probe (Chrono Boost)  
  24  2:23  Pylon  
  24  2:28  Probe (Chrono Boost)  
  25  2:38  Probe (Chrono Boost)  
  27  2:57  Stargate  
  27  2:58  Probe  
  26  3:01  Probe (Chrono Boost)  
  27  3:12  Mothership Core (Chrono Boost)  
  29  3:19  Probe (Chrono Boost)  
  29  3:38  Probe  
  29  3:39  Pylon  
  29  3:40  Oracle (Chrono Boost)  
  34  3:56  Probe x2 (Chrono Boost)  
  35  4:06  Probe x2 (Chrono Boost)  
  37  4:12  Probe  
  37  4:13  Probe  
  37  4:24  Probe  
  37  4:25  Probe  
  37  4:30  Forge  
  39  4:33  Fleet Beacon  
  39  4:37  Probe (Chrono Boost)  
  39  4:38  Probe (Chrono Boost)  
  41  4:45  Assimilator  
  41  4:47  Pylon  
  41  4:48  Assimilator  
  41  4:49  Void Ray (Chrono Boost)  
  46  4:55  Probe (Chrono Boost)  
  47  5:18  Probe (Chrono Boost)  
  48  5:22  Probe (Chrono Boost)  
  48  5:28  Probe  
  50  5:30  Probe  
  50  5:32  Photon Cannon  
  49  5:38  Photon Cannon  
  49  5:41  Carrier (Chrono Boost)  
  49  5:42  Pylon  
  48  5:46  Probe (Chrono Boost)  
  45  5:51  Pylon  
  45  5:54  Probe (Chrono Boost)  
  46  6:00  Pylon  
  46  6:03  Probe (Chrono Boost)  
  53  6:06  Stargate  
  53  6:16  Probe  
  54  6:23  Nexus  
  54  6:24  Probe  
  55  6:27  Pylon  
  55  6:29  Probe  
  56  6:34  Carrier (Chrono Boost)  
  53  6:40  Graviton Catapult (Chrono Boost)  
  53  6:42  Probe  
  53  6:46  Probe  
  55  6:47  Cybernetics Core, Protoss Air Weapons Level 1 (Chrono Boost)  
  55  6:54  Probe  
  55  6:58  Probe  
  63  7:02  Assimilator  
  63  7:09  Assimilator  
  63  7:11  Photon Cannon  
  63  7:18  Twilight Council  
  63  7:19  Probe x2  
  65  7:26  Carrier (Chrono Boost)  
  65  7:32  Probe x2 (Chrono Boost), Warp Gate (Chrono Boost)  
  65  7:34  Stalker  
  65  7:36  Probe (Chrono Boost)  
  72  7:44  Probe (Chrono Boost)  
  72  7:48  Probe (Chrono Boost)  
  72  7:49  Probe (Chrono Boost)  
  79  7:55  Robotics Facility  
  79  7:59  Probe  
  79  8:00  Probe  
  79  8:01  Probe  
  79  8:02  Carrier (Chrono Boost)  
  82  8:16  Probe  
  89  8:27  Templar Archives  
  89  8:32  Probe  
  89  8:33  Carrier (Chrono Boost)  
  90  8:37  Pylon  
  90  8:38  Gateway  
  90  8:39  Probe  
  90  8:40  Gateway, Pylon  
  91  8:52  Probe  
  91  8:55  Pylon  
  95  9:12  Probe  
  102  9:27  Gateway  
  102  9:28  Gateway  
  102  9:29  Pylon  
  102  9:30  Zealot  
Show
View Real Time Build Order
Export as new Build Order

yahaayi Terran - Winner!

Build Orders: MMM Bio 

Get SALT Encoding   

  12  0:01  SCV  
  13  0:13  SCV  
  14  0:24  Supply Depot  
  14  0:25  SCV  
  15  0:46  SCV  
  15  0:48  Barracks  
  16  0:52  Refinery  
  16  0:57  Refinery  
  16  0:58  SCV  
  17  1:10  SCV  
  18  1:22  SCV  
  19  1:34  Orbital Command  
  19  1:35  Supply Depot, Reaper  
  20  1:48  Barracks  
  20  1:51  Factory  
  20  2:00  SCV  
  21  2:12  SCV  
  21  2:15  Supply Depot  
  22  2:16  Barracks Tech Lab  
  22  2:24  SCV  
  22  2:26  Missile Turret  
  23  2:36  SCV  
  24  2:48  Factory Reactor  
  24  2:51  Factory Reactor  
  24  2:53  Marauder  
  24  2:57  Command Center  
  26  3:00  Concussive Shells  
  26  3:15  SCV  
  27  3:25  Marauder  
  29  3:27  SCV, Supply Depot  
  29  3:29  Supply Depot  
  30  3:43  SCV  
  31  3:56  Cyclone, Marine  
  31  3:57  Marine  
  31  3:58  Missile Turret  
  36  4:10  Missile Turret, Orbital Command  
  36  4:23  Marine x2  
  38  4:27  SCV  
  38  4:28  Cyclone  
  42  4:39  SCV  
  42  4:41  Marine x2  
  43  5:05  Missile Turret  
  41  5:12  Marine  
  41  5:13  Marine  
  39  5:32  Factory Reactor  
  33  5:38  Engineering Bay, Barracks x4  
  33  5:41  Engineering Bay  
  31  5:48  Bunker  
  31  5:50  SCV, Missile Turret, Orbital Command  
  32  5:58  Marine x2  
  32  6:02  SCV  
  35  6:05  Terran Infantry Weapons Level 1  
  35  6:07  Terran Infantry Armor Level 1  
  35  6:15  SCV  
  36  6:27  SCV, Barracks Tech Lab x2  
  36  6:28  Command Center, Barracks Reactor  
  36  6:31  Barracks Reactor  
  37  6:36  Starport  
  37  6:38  SCV  
  37  6:39  SCV  
  39  6:48  Combat Shields, Stimpack  
  39  6:49  Marine x2  
  39  6:50  SCV  
  39  6:51  SCV  
  43  7:02  SCV  
  43  7:03  SCV, Refinery x2  
  43  7:04  Factory Reactor  
  43  7:06  Marine  
  43  7:07  Marine  
  47  7:13  Marine  
  47  7:14  SCV, Marine  
  47  7:15  SCV, Marine x2  
  52  7:16  Marauder  
  55  7:23  Supply Depot  
  55  7:24  Supply Depot  
  55  7:25  Marine  
  55  7:26  SCV, Marauder  
  55  7:27  SCV  
  60  7:31  Medivac  
  60  7:32  Medivac  
  64  7:37  Marine  
  64  7:38  SCV, Marauder  
  64  7:41  Marine  
  69  7:46  Marine  
  69  7:47  Marauder  
  72  7:54  Marine x2  
  72  7:55  Marine  
  72  7:56  Orbital Command  
  75  8:01  Medivac  
  75  8:02  Medivac  
  79  8:08  Marine x3  
  79  8:12  Armory  
  82  8:15  Marine x2  
  84  8:20  Marine x2  
  84  8:22  Marine  
  84  8:25  Marine  
  88  8:29  Supply Depot, Orbital Command  
  88  8:34  Marine x3  
  88  8:35  Marine  
  88  8:39  Medivac x2  
  96  8:41  SCV  
  97  8:56  Marine x4  
  97  8:57  Marine  
  102  9:04  Marauder, Marine x2  
  106  9:13  Marine  
  106  9:14  Marine  
  108  9:17  Marine  
  108  9:21  Supply Depot  
  109  9:24  Supply Depot  
Tags
 
Add a new tag
Caveats
  • Supply blocks, unpowered buildings, or Contaminate may cause inaccurate times.
  • Supply counts are checked every 10 seconds.